Construct Section Command Post
Selects Air and Sea Battlegroup
Construct Platoon Command Post
Unlock M3 Stuart Light Tanks
Selects Commando Section Paradrop
6-pounder Anti-tank Gun Team
Commando Section Paradrop
Construct Company Command Post
6-pounder Anti-tank Gun Team
Unlock Bishop Self-propelled Artillery
Selects Commando Support Section Paradrop
Selects Incendiary Bombing Run
Bishop Self-propelled Artillery
Bishop Self-propelled Artillery
Construct Company Command Post
Construct Field Infirmary